Map: Alcyone LE

Players

SubN - Winner!

  • Race: Zerg Zerg
  • League: Diamond
  • Spawn Location: 7:00

Timetwister

  • Race: Protoss Protoss
  • League: Platinum
  • Spawn Location: 1:00

VOD

Have the link to the VOD?

Description

Time

  • Played on: Dec. 30, 2023, 7:31 p.m.
  • Length: 12:16
Show
View Real Time Build Order
Export as new Build Order

SubN Zerg - Winner!

Build Orders: 3 Hatch before Pool 

Get SALT Encoding   

  12  0:00  Drone  
  13  0:07  Drone  
  14  0:32  Hatchery  
  13  0:36  Drone  
  14  1:06  Drone, Hatchery  
  14  1:21  Spawning Pool  
  14  1:23  Drone  
  14  1:32  Overlord  
  14  1:36  Extractor  
  14  1:37  Drone  
  15  1:44  Drone  
  15  1:46  Drone  
  17  1:48  Drone  
  18  1:58  Drone x2  
  20  2:07  Overlord  
  20  2:12  Queen  
  22  2:17  Zergling x2  
  22  2:18  Zergling x2  
  22  2:21  Zergling x2  
  25  2:29  Zergling x2  
  26  2:30  Zergling x4  
  26  2:32  Zergling x2  
  29  2:39  Queen  
  29  2:42  Zergling x2  
  32  2:45  Zergling x2  
  32  2:47  Zergling x2  
  34  2:53  Zergling x4  
  34  2:56  Zergling x2  
  37  3:04  Zergling x6  
  39  3:15  Overlord x2  
  39  3:24  Overlord x2  
  39  3:40  Drone  
  39  3:41  Drone, Extractor  
  40  3:42  Drone  
  40  3:46  Drone  
  42  3:53  Drone  
  42  3:54  Extractor  
  42  3:57  Drone  
  43  4:03  Drone  
  43  4:05  Drone  
  43  4:09  Queen x2  
  47  4:15  Drone x2  
  50  4:31  Drone x6  
  56  4:38  Drone  
  56  4:39  Baneling Nest  
  56  4:40  Drone  
  50  5:06  Drone x7  
  56  5:10  Hatchery  
  55  5:16  Zergling x6  
  58  5:24  Extractor  
  58  5:25  Drone  
  58  5:26  Extractor  
  58  5:27  Lair  
  58  5:28  Metabolic Boost  
  57  5:41  Drone x3  
  60  5:43  Drone  
  60  5:48  Drone  
  62  5:51  Drone x2  
  62  5:53  Roach Warren  
  62  5:57  Evolution Chamber  
  62  5:59  Evolution Chamber  
  61  6:06  Overlord x3  
  61  6:17  Drone x7  
  68  6:19  Overlord  
  68  6:26  Drone  
  69  6:36  Spire  
  68  6:41  Zerg Melee Weapons Level 1, Zerg Missile Weapons Level 1  
  68  6:49  Roach  
  68  6:50  Roach x8  
  68  6:54  Queen  
  86  7:00  Drone x4  
  92  7:02  Overlord  
  92  7:05  Overlord  
  92  7:12  Glial Reconstitution  
  92  7:16  Ravager x6  
  92  7:18  Overlord  
  92  7:19  Overlord x2  
  98  7:23  Drone x3  
  98  7:25  Drone  
  98  7:28  Extractor  
  98  7:29  Extractor  
  98  7:41  Drone  
  98  7:46  Drone  
  98  7:49  Zerg Flyer Weapons Level 1  
  98  7:50  Baneling Nest, Overlord x2  
  98  7:55  Mutalisk x2  
  102  7:58  Mutalisk  
  104  8:08  Drone x7  
  104  8:12  Hatchery  
  110  8:19  Drone  
  111  8:23  Mutalisk x2  
  111  8:24  Infestation Pit  
  114  8:34  Centrifugal Hooks  
  114  8:35  Baneling  
  114  8:36  Baneling x6  
  114  8:37  Zergling x8  
  114  8:38  Zergling x6  
  121  8:44  Drone x3  
  124  8:49  Drone x5  
  129  8:59  Mutalisk x2  
  133  9:03  Overseer  
  133  9:06  Overseer  
  133  9:09  Overseer  
  133  9:12  Corruptor  
  133  9:13  Mutalisk  
  137  9:18  Zergling x2  
  137  9:19  Zergling x10  
  137  9:21  Drone x4  
  147  9:29  Mutalisk  
  147  9:30  Mutalisk x2  
  153  9:36  Queen  
  153  9:37  Drone  
  153  9:38  Drone x4  
  159  9:41  Extractor  
  159  9:43  Extractor  
  146  9:54  Roach  
  146  9:55  Roach x5  
  146  9:58  Baneling x11  
  156  10:12  Roach  
  156  10:14  Overlord x5  
  150  10:42  Roach  
  160  10:43  Roach x11  
  160  10:46  Ravager x5  
  160  10:47  Ravager x2  
  181  11:14  Hatchery  
  181  11:15  Overlord x5  
  181  11:16  Zergling x2  
  181  11:17  Zergling x12  
  187  11:19  Ravager  
  187  11:20  Ravager  
  187  11:22  Ravager  
  190  11:33  Overseer x2  
  190  11:41  Zergling x16  
  190  11:42  Zergling x4  
Show
View Real Time Build Order
Export as new Build Order

Timetwister Protoss 

Build Orders:  

Get SALT Encoding   

  12  0:00  Probe  
  13  0:12  Probe  
  14  0:19  Pylon  
  14  0:24  Probe  
  15  0:39  Probe (Chrono Boost)  
  15  0:40  Gateway  
  16  0:48  Probe (Chrono Boost)  
  17  0:50  Assimilator  
  17  0:53  Probe (Chrono Boost)  
  18  1:05  Probe  
  19  1:13  Forge  
  19  1:26  Probe  
  19  1:30  Cybernetics Core  
  20  1:38  Probe  
  21  1:45  Pylon  
  21  1:50  Probe  
  22  2:03  Photon Cannon  
  22  2:09  Photon Cannon  
  22  2:11  Warp Gate  
  22  2:12  Adept  
  22  2:14  Probe  
  25  2:29  Probe  
  26  2:45  Sentry (Chrono Boost)  
  26  2:46  Nexus  
  26  2:49  Pylon  
  28  2:57  Photon Cannon  
  28  2:59  Probe  
  29  3:10  Shield Battery  
  29  3:11  Pylon  
  29  3:14  Adept (Chrono Boost)  
  31  3:25  Gateway  
  31  3:28  Gateway  
  31  3:35  Shield Battery  
  31  3:39  Assimilator  
  31  3:44  Pylon  
  31  3:53  Protoss Ground Weapons Level 1  
  31  4:05  Pylon, Zealot  
  33  4:21  Adept  
  35  4:24  Adept  
  35  4:26  Zealot  
  39  4:43  Nexus  
  39  4:45  Pylon  
  39  4:54  Adept x2  
  39  4:55  Adept  
  41  5:05  Nexus  
  41  5:07  Pylon  
  41  5:09  Shield Battery  
  41  5:13  Pylon  
  41  5:14  Probe  
  42  5:21  Robotics Facility  
  42  5:26  Probe  
  43  5:32  Gateway  
  43  5:44  Gateway  
  43  5:48  Pylon  
  43  5:55  Adept x2  
  47  6:04  Stalker  
  49  6:16  Adept  
  49  6:17  Probe  
  50  6:32  Twilight Council  
  48  6:43  Probe (Chrono Boost)  
  48  6:44  Probe (Chrono Boost)  
  50  6:53  Probe (Chrono Boost)  
  51  6:58  Sentry  
  51  7:00  Nexus  
  53  7:03  Probe x2 (Chrono Boost)  
  55  7:14  Probe x2 (Chrono Boost)  
  55  7:15  Sentry, Zealot  
  59  7:18  Protoss Ground Weapons Level 2 (Chrono Boost)  
  59  7:20  Charge (Chrono Boost)  
  61  7:35  Templar Archives  
  61  7:38  Stalker  
  63  7:45  Pylon  
  63  7:52  Pylon  
  63  7:56  Immortal  
  63  7:58  Probe  
  68  8:03  Probe  
  69  8:10  Probe  
  70  8:15  Probe x2  
  70  8:18  Psionic Storm  
  72  8:22  Probe  
  72  8:25  Assimilator  
  75  8:27  Probe x2, Assimilator  
  75  8:34  Probe  
  76  8:45  Probe  
  76  8:48  Assimilator  
  77  8:52  Assimilator  
  77  8:57  Stalker x3  
  77  9:00  Zealot x2  
  87  9:06  Gateway  
  87  9:07  Gateway  
  87  9:10  Gateway  
  87  9:18  Gateway  
  87  9:21  High Templar x2  
  91  9:25  Archon  
  91  9:28  Zealot x3  
  88  10:00  Stalker  
  88  10:01  Stalker x4  
  88  10:06  Blink  
  95  10:13  High Templar  
  97  10:15  High Templar  
  97  10:19  Archon  
  99  10:31  Probe  
  99  10:32  Probe x2  
  102  10:40  Zealot x3  
  108  10:44  Pylon, Probe  
  109  10:56  Pylon  
  109  11:00  Pylon  
  109  11:02  Probe x3  
  112  11:05  Pylon  
  112  11:07  Pylon  
  112  11:11  High Templar x2  
  112  11:14  Probe x2  
  112  11:16  Archon  
  112  11:17  High Templar x2  
  122  11:19  Zealot x2  
  122  11:21  Archon  
  126  11:27  Gateway  
  126  11:32  Photon Cannon  
  126  11:39  Photon Cannon  
  126  11:40  High Templar x2  
  126  11:43  High Templar x2  
  126  11:45  Archon  
  131  11:58  Archon  
  131  12:03  Zealot x3  
  131  12:04  Zealot  
Tags
 
Add a new tag
Caveats
  • Supply blocks, unpowered buildings, or Contaminate may cause inaccurate times.
  • Supply counts are checked every 10 seconds.